 Dungeon Crawl Stone Soup version 0.23-a0-582-g1b4a0ca (webtiles) character file.

329 Lavandula the Cutter (level 6, -4/36 HPs)
             Began as a Halfling Enchanter on Dec 16, 2018.
             Killed by nerve-wracking pain
             ... invoked by a shadow imp
              (12 damage)
             ... on level 5 of the Dungeon.
             The game lasted 00:13:28 (3279 turns).

Lavandula the Cutter (Halfling Enchanter)           Turns: 3279, Time: 00:13:28

Health: -4/36      AC:  5    Str:  9    XL:     6   Next: 80%
Magic:  3/8        EV: 15    Int: 15    God:
Gold:   214        SH:  0    Dex: 15    Spells: 0/8 levels left

rFire    . . .     SeeInvis .   a - +1 dagger
rCold    . . .     Gourm    .   (shield restricted)
rNeg     . . .     Faith    .   b - +0 robe
rPois    .         Spirit   .   (no helmet)
rElec    .         Reflect  .   h - +2 cloak
rCorr    .         Harm     .   (no gloves)
MR       .....                  (no boots)
Stlth    +++.......             (no amulet)
HPRegen  0.12/turn              c - ring of flight
MPRegen  0.11/turn              q - ring of stealth

@: very slightly contaminated
A: small, mutation resistance 1
a: Evoke Flight


You were on level 5 of the Dungeon.
You were very hungry.

You visited 1 branch of the dungeon, and saw 5 of its levels.

You collected 214 gold pieces.

Inventory:

Hand Weapons
 a - a +1 dagger (weapon)
 p - a +0 dagger of draining
Missiles
 k - 33 poisoned needles
 r - 25 sling bullets
Armour
 b - a +0 robe (worn)
 h - a +2 cloak (worn)
 s - a +0 leather armour
Jewellery
 c - a ring of flight (left hand)
 q - a ring of stealth (right hand)
Scrolls
 e - a scroll of blinking
 f - a scroll of magic mapping
 g - a scroll of fog
 i - 2 scrolls of immolation
 j - 2 scrolls of teleportation {unknown}
 l - 3 scrolls of fear {unknown}
 m - a scroll of remove curse
 n - a scroll of random uselessness {unknown}
 o - a scroll of enchant weapon {unknown}
 u - a scroll of amnesia {unknown}
Potions
 t - a potion of flight {unknown}
Comestibles
 d - 7 rations


   Skills:
 + Level 7.7 Short Blades
 - Level 2.1 Dodging
 - Level 3.2 Stealth
 - Level 1.5 Spellcasting
 - Level 2.4 Hexes


You couldn't memorise any spells.
You knew the following spells:

 Your Spells              Type           Power        Failure   Level  Hunger
a - Corona                Hex            #......      9%          1    ##.....
b - Ensorcelled Hibernat  Hex/Ice        #.....       22%         2    ###....
c - Confuse               Hex            #.......     26%         3    ####...
d - Passwall              Tmut/Erth      #.......     34%         2    ###....

Your spell library contained the following spells:

 Spells                   Type           Power        Failure   Level  Hunger
 Sandblast                Erth           #.....       24%         1    ##.....
 Tukima's Dance           Hex            #.......     26%         3    ####...
 Dazzling Spray           Conj/Hex       #.....       38%         3    ####...
 Stone Arrow              Conj/Erth      #.....       56%         3    ####...
 Petrify                  Tmut/Erth      #.......     93%         4    #####..
 Lee's Rapid Deconstruct  Erth           #.........   100%        5    ######.


Dungeon Overview and Level Annotations

Branches:
Dungeon (5/15)
 Temple: D:4-7

Altars:
Fedhas
Ru

Annotations:
D:3 2 transporters, Ratty's ghost, amateur MiHu
D:4 1 runed door, NorthaanB's ghost, amateur DsGl


Innate Abilities, Weirdness & Mutations

You are small and have problems with some larger weapons.
You are somewhat resistant to further mutation.


Message History

The shadow imp is heavily wounded.
You hit the shadow imp.
The shadow imp is heavily wounded.
The shadow imp closely misses you.
You hit the shadow imp.
The shadow imp is severely wounded.
The shadow imp misses you.
You hit the shadow imp.
The shadow imp is almost dead.
You hit the shadow imp but do no damage.
The shadow imp is almost dead.
The shadow imp hits you.
* * * LOW HITPOINT WARNING * * *
You closely miss the shadow imp.
The shadow imp is almost dead.
You completely miss the shadow imp.
The shadow imp is almost dead.
The shadow imp gestures at you. Pain shoots through your body!
You die...

###### .....###
######### ##.....#
#.......# .##..#.#
#.#####.#
.......###.#####.#
.....#........##.#
.#####.###.##.##.#
.# ###.###.# ##@#
.# #.....#....l5.#
.# #.....#####.###
#.....# #. #.....#
# #.....# #######


You could see an iguana and a shadow imp.

Vanquished Creatures
  A bullfrog (D:4)
  An orc priest (D:3)
  A jelly (D:5)
  2 worker ants (D:4)
  A worker ant zombie (D:5)
  6 adders
  An ooze (D:1)
  An adder zombie (D:2)
  2 adder skeletons (D:2)
  4 worms
  6 dart slugs
  A leopard gecko (D:1)
  4 orcs (D:3)
  2 ball pythons (D:1)
  A bat zombie (D:2)
  2 giant cockroaches
  5 goblins
  3 hobgoblins (D:2)
  2 jackals
  6 kobolds
  5 bats
  5 frilled lizards (D:2)
  2 quokka skeletons
  5 rats
69 creatures vanquished.

Notes
Turn   | Place    | Note
-------+----------+-------------------------------------------
     0 | D:1      | Lavandula the Halfling Enchanter began the quest for the
                  | Orb.
     0 | D:1      | Reached XP level 1. HP: 11/11 MP: 3/3
   303 | D:1      | Reached skill level 2 in Short Blades
   432 | D:1      | Reached XP level 2. HP: 17/17 MP: 2/4
   559 | D:1      | Learned a level 2 spell: Ensorcelled Hibernation
   711 | D:1      | Reached skill level 3 in Short Blades
   730 | D:1      | Reached XP level 3. HP: 21/21 MP: 2/5
   749 | D:2      | Found a sacrificial altar of Ru.
  1148 | D:2      | Reached skill level 4 in Short Blades
  1443 | D:2      | Reached XP level 4. HP: 24/27 MP: 1/6
  1716 | D:3      | Reached skill level 5 in Short Blades
  1716 | D:3      | Reached XP level 5. HP: 31/31 MP: 4/7
  1917 | D:3      | Reached skill level 6 in Short Blades
  1937 | D:3      | Found a transporter.
  1940 | D:3      | Found a blossoming altar of Fedhas.
  1945 | D:3      | Noticed Ratty's ghost (amateur MiHu)
  1946 | D:3      | Found a transporter.
  1947 | D:3      | Identified the +1 great mace of Hiarody {crush, *Noise
                  | Int+7}
  1947 | D:3      | Noticed an ogre
  1947 | D:3      | Noticed an ogre
  2026 | D:3      | Learned a level 3 spell: Confuse
  2175 | D:4      | Found a runed door.
  2186 | D:4      | Noticed NorthaanB's ghost (amateur DsGl)
  2453 | D:4      | Noticed a bullfrog
  2521 | D:4      | Killed a bullfrog
  2521 | D:4      | Reached XP level 6. HP: 5/36 MP: 1/8
  2525 | D:4      | Learned a level 2 spell: Passwall
  2868 | D:4      | Reached skill level 7 in Short Blades
  2984 | D:5      | Entered Level 5 of the Dungeon
  3279 | D:5      | Killed from afar by a shadow imp

Vault maps used:
D:1:      lightli_arrival_boilingwater
D:2:      minmay_inner_zag, marbit_many_paths, serial_undead, serial_undead_d,
          serial_undead_d, serial_undead_e, serial_undead_f
D:3:      gammafunk_ghost_smash, first_ration, minmay_misc_feat_cross,
          fedhas_ov_isle_minmay
D:4:      kennysheep_slugbush, ebering_ghost_sewer_d
D:5:      minmay_temple_entry_nine_rooms, uniq_sigmund, uniq_crazy_yiuf_cottage

Skill      XL: |  1  2  3  4  5  6 |
---------------+-------------------+-----
Short Blades   | 2 3 4 5 6 7 |  7.7
Dodging        | |  2.1
Stealth        | |  3.2
Spellcasting   | |  1.5
Hexes          | |  2.4

Action                   |  1- 3 |  4- 6 || total
-------------------------+-------+-------++-------
Melee: Dagger            |    97 |   190 ||   287
 Cast: Corona            |    18 |     5 ||    23
       Ensorcelled Hiber |     9 |    21 ||    30
       Confuse           |       |     2 ||     2
  Use: Scroll            |       |     8 ||     8
       Potion            |       |     2 ||     2
 Stab: Sleeping          |     7 |    15 ||    22
       Distracted        |       |     1 ||     1
       Confused          |       |     1 ||     1
  Eat: Chunk             |     1 |     3 ||     4
       Ration            |     1 |     1 ||     2
Armor: Robe              |    23 |    22 ||    45
       Leather armour    |       |    12 ||    12
Dodge: Dodged            |    63 |   122 ||   185

Table legend:
 A = Non-vault XP
 B = Vault XP
 C = Vault XP percentage of total XP
 D = Non-vault monster count
 E = Vault monster count
 F = Vault count percentage of total count
                 A         B        C        D         E       F
            +---------+---------+-------+---------+---------+-------
      Total |     412 |      59 |  12.5 |      53 |      16 |  23.2
            +---------+---------+-------+---------+---------+-------
        D:1 |      24 |       5 |  17.2 |      10 |       1 |   9.1
        D:2 |      27 |      34 |  55.7 |      19 |      10 |  34.5
        D:3 |     121 |       0 |   0.0 |      16 |       0 |   0.0
        D:4 |     183 |      20 |   9.9 |       6 |       5 |  45.5
        D:5 |      57 |       0 |   0.0 |       2 |       0 |   0.0
            +---------+---------+-------+---------+---------+-------
